 Dungeon Crawl Stone Soup version 0.23-a0-677-g07611c5 (console) character file.

23 Duffy the Firebug (level 2, 1/19 HPs)
             Began as a Demonspawn Fire Elementalist on Jan 9, 2019.
             Quit the game on level 3 of the Dungeon.
             The game lasted 00:00:39 (435 turns).

Duffy the Firebug (Demonspawn Fire Elementalist)     Turns: 435, Time: 00:00:39

Health: 1/19       AC:  2    Str:  8    XL:     2   Next: 75%
Magic:  0/5        EV: 12    Int: 16    God:
Gold:   25         SH:  0    Dex: 13    Spells: 4/5 levels left

rFire    . . .     SeeInvis .   b - +0 club
rCold    . . .     Gourm    .   (no shield)
rNeg     . . .     Faith    .   a - +0 robe
rPois    .         Spirit   .   (helmet restricted)
rElec    .         Reflect  .   (no cloak)
rCorr    .         Harm     .   (no gloves)
MR       .....                  (no boots)
Stlth    ++........             (no amulet)
HPRegen  0.06/turn              (no ring)
MPRegen  0.09/turn              (no ring)

@: flying, hasted, very quick
A: antennae 1
a: no special abilities


You were on level 3 of the Dungeon.
You were not hungry.

You visited 1 branch of the dungeon, and saw 3 of its levels.

You collected 25 gold pieces.

Inventory:

Hand Weapons
 b - a +0 club (weapon)
Armour
 a - a +0 robe (worn)
Scrolls
 e - a scroll of identify {unknown}
Comestibles
 c - a ration
 d - 2 chunks of flesh


   Skills:
 - Level 1.7 Dodging
 - Level 1.7 Stealth
 + Level 2.4 Spellcasting
 + Level 1.7 Conjurations
 + Level 3.0 Fire Magic


You had 4 spell levels left.
You knew the following spells:

 Your Spells              Type           Power        Failure   Level  Hunger
h - Flame Tongue          Conj/Fire      #....        8%          1    #......

Your spell library contained the following spells:

 Spells                   Type           Power        Failure   Level  Hunger
 Throw Flame              Conj/Fire      #.....       11%         2    ###....
 Conjure Flame            Conj/Fire      #.......     22%         3    ###....
 Inner Flame              Hex/Fire       #.......     32%         3    ###....
 Sticky Flame             Conj/Fire      #.......     58%         4    #####..
 Fireball                 Conj/Fire      #.........   90%         5    ######.


Dungeon Overview and Level Annotations

Branches:
Dungeon (3/15)

Altars:
Wu Jian


Innate Abilities, Weirdness & Mutations

You have a pair of small antennae on your head.


Message History

You don't have enough magic to cast that spell.
The orc barely misses you.
You see here a +0 club.
You hit the orc but do no damage. The orc barely misses you.
You hit the orc.
The orc is moderately wounded.
b - a +0 club The orc closely misses you.
Wield which item (- for none, * to show all)? (? for menu, Esc to quit)
b - a +0 club (weapon)
You hit the orc but do no damage.
The orc is moderately wounded.
The orc hits you.
You hit the orc but do no damage.
The orc is moderately wounded.
The orc hits you.
You closely miss the orc.
The orc is moderately wounded.
The orc barely misses you.
Are you sure you want to abandon this character and quit the game? (Confirm

#....................
#.####.######.###### #.#
#...# #.# #.######.# #.#
###.##.....# #.#
#.._.......# #.#
#.#.#......# #.######
#...######.####o.....####
#>.........@ooo......)+
#.######.#########.####
#.# #.# #....)......
#.######.# #..oo....###
#......#.# #...........
####.....# #........###
#.....# #........#
#.....#### #........#
#........# ####....##


You could see 4 orcs.

Vanquished Creatures
  An adder (D:3)
  2 orcs (D:3)
  A ball python (D:1)
  3 bats (D:3)
  A hobgoblin (D:3)
  A kobold (D:3)
  3 frilled lizards
  A rat (D:1)
13 creatures vanquished.

Notes
Turn   | Place    | Note
-------+----------+-------------------------------------------
     0 | D:1      | Duffy the Demonspawn Fire Elementalist began the quest for
                  | the Orb.
     0 | D:1      | Reached XP level 1. HP: 13/13 MP: 3/3
   196 | D:3      | Reached skill level 3 in Fire Magic
   196 | D:3      | Gained mutation: You have a pair of small antennae on your
                  | head. [demonic ancestry]
   196 | D:3      | Reached XP level 2. HP: 17/19 MP: 0/5
   359 | D:3      | Found an ornate altar of the Wu Jian Council.
   435 | D:3      | Quit the game

Vault maps used:
D:1:      scummos_arrival_forest
D:2:      grunt_temple_overflow_forces_of_nature,
          nicolae_ru_sacrificial_ziggurat
D:3:      lemuel_crystal_altar

Skill      XL: |  1 |
---------------+----+-----
Fire Magic     | 3 |  3.0
Dodging        | |  1.7
Stealth        | |  1.7
Spellcasting   | |  2.4
Conjurations   | |  1.7

Action                   || total
-------------------------++-------
Melee: Unarmed           ||    19
       Club              ||     3
 Cast: Flame Tongue      ||    21
  Use: Potion            ||     2
Armor: Robe              ||     8
Dodge: Dodged            ||    32

Table legend:
 A = Non-vault XP
 B = Vault XP
 C = Vault XP percentage of total XP
 D = Non-vault monster count
 E = Vault monster count
 F = Vault count percentage of total count
                 A         B        C        D         E       F
            +---------+---------+-------+---------+---------+-------
      Total |      34 |       0 |   0.0 |      13 |       0 |   0.0
            +---------+---------+-------+---------+---------+-------
        D:1 |       4 |       0 |   0.0 |       3 |       0 |   0.0
        D:2 |       1 |       0 |   0.0 |       1 |       0 |   0.0
        D:3 |      29 |       0 |   0.0 |       9 |       0 |   0.0
            +---------+---------+-------+---------+---------+-------
